 Dungeon Crawl Stone Soup version 0.24.0-13-gcf9b3192b9 (webtiles) character file.

Game seed: 720295502803811956, levelgen mode: deterministic

309492 Linguinho the Brawler (level 20, -2/210 HPs)
             Began as a Troll Fighter on Nov 4, 2019.
             Was the Champion of the Shining One.
             Slain by a hell beast (14 damage)
             ... summoned by Geryon
             ... in the Vestibule of Hell on Nov 5, 2019.
             The game lasted 02:06:14 (37961 turns).

Linguinho the Brawler (Troll Fighter)              Turns: 37961, Time: 02:06:14

Health: -2/210     AC: 21    Str: 33    XL:     20   Next: 37%
Magic:  22/23      EV: 10    Int:  4    God:    the Shining One [******]
Gold:   3286       SH: 38    Dex: 13    Spells: 19/19 levels left

rFire    + + .     SeeInvis .     - Unarmed
rCold    x . .     Gourm    +   n - +3 large shield
rNeg     + + +     Faith    .   b - +7 swamp dragon scales
rPois    +         Spirit   .   G - +0 hat
rElec    .         Reflect  +   v - +0 cloak "Zileinn" {rN+}
rCorr    .         Harm     .   (gloves unavailable)
MR       +++..                  (boots unavailable)
Stlth    +.........             o - +4 amulet of reflection
HPRegen  0.85/turn              B - ring of protection from fire
MPRegen  0.18/turn              R - ring of the Saviour {Fire MR+ Str+4}

@: divine shield, about to teleport, very slightly contaminated, glowing
A: large, unfitting armour, claws 3, icy blue scales 1, clumsy 1, fast
metabolism 3, gourmand, magic resistance 1, sense surroundings 1, regeneration
1, shaggy fur 1, tough skin 3
}: 2/15 runes: decaying, gossamer
a: Divine Shield, Cleansing Flame, Summon Divine Warrior, Brand Weapon With Holy
Wrath, Renounce Religion


You were in the Vestibule of Hell.
You worshipped the Shining One.
The Shining One was exalted by your worship.
You were not hungry.

You visited 10 branches of the dungeon, and saw 38 of its levels.
You also visited: Bailey, Gauntlet, Ice Cave and Volcano.

You collected 5194 gold pieces.
You spent 1908 gold pieces at shops.

Inventory:

Hand Weapons
 L - the +10 hand axe of Spite {antimagic, rElec MR+ Dex+8 Stlth+}
   (You found it on level 3 of the Elven Halls)

   It reduces the magical energy of the wielder, and disrupts the spells and
   magical abilities of those hit.
   Natural abilities and divine invocations are not affected.
   It affects your dexterity (+8).
   It insulates you from electricity.
   It affects your resistance to hostile enchantments.
   It makes you more stealthy.
Missiles
 q - 13 silver javelins
 A - 40 boomerangs (quivered)
 S - a boomerang of dispersal
 T - 21 large rocks
 V - 3 javelins
 Z - 7 silver boomerangs
Armour
 b - +7 swamp dragon scales (worn)
 n - a +3 large shield (worn)
 v - the +0 cloak "Zileinn" (worn) {rN+}
   (You found it on level 3 of the Elven Halls)

   It protects you from negative energy.
 G - a +0 hat (worn)
 Q - a +2 robe of cold resistance
Jewellery
 l - an uncursed ring of resist corrosion
 o - a +4 amulet of reflection (around neck)
 B - a ring of protection from fire (left claw)
 C - an uncursed ring of poison resistance
 F - the ring "Keeb" {rC- MR+ Int+7 Slay+3}
   (You took it off an orc on level 8 of the Dungeon)

   [ring of protection from magic]

   It affects your intelligence (+7).
   It affects your accuracy and damage with ranged weapons and melee attacks
   (+3).
   It makes you vulnerable to cold.
   It affects your resistance to hostile enchantments.
 O - an uncursed ring of ice
 P - a +6 ring of slaying
 R - the ring of the Saviour (right claw) {Fire MR+ Str+4}
   (You found it in a Gauntlet)

   [ring of fire]

   It enhances your fire magic.
   It affects your strength (+4).
   It protects you from fire.
   It makes you vulnerable to cold.
   It affects your resistance to hostile enchantments.
Wands
 a - a wand of polymorph (38)
 r - a wand of iceblast (47)
 t - a wand of acid (32)
 u - a wand of disintegration (14)
 x - a wand of paralysis (28)
 z - a wand of enslavement (12)
 K - a wand of flame (37)
 X - a wand of clouds (9)
 Y - a wand of scattershot (14)
Scrolls
 e - 7 scrolls of fog
 g - 16 scrolls of remove curse
 i - 3 scrolls of identify
 k - 9 scrolls of teleportation
 y - 2 scrolls of silence
 J - a scroll of blinking
 W - 7 scrolls of magic mapping
Potions
 c - 4 potions of might
 h - 5 potions of curing
 j - 10 potions of flight
 p - a potion of brilliance
 s - a potion of agility
 w - 4 potions of resistance
 D - 3 potions of invisibility
 E - 2 potions of berserk rage
 M - 5 potions of haste
 N - 2 potions of lignification
Comestibles
 d - 70 rations


   Skills:
 - Level 15.0 Fighting
 * Level 15.1 Throwing
 - Level 2.6 Dodging
 - Level 15.0 Shields
 - Level 20.0 Unarmed Combat
 + Level 6.0 Invocations
 + Level 4.9 Evocations


You had 19 spell levels left.
You didn't know any spells.
Your spell library contained the following spells:

 Spells                   Type           Power        Failure   Level  Hunger
 Animate Skeleton         Necr           N/A          63%         1    ##.....
 Apportation              Tloc           #.....       63%         1    ##.....
 Beastly Appendage        Tmut           #.....       63%         1    ##.....
 Confusing Touch          Hex            #.....       63%         1    ##.....
 Corona                   Hex            #......      63%         1    ##.....
 Infusion                 Chrm           #...         63%         1    ##.....
 Magic Dart               Conj           #...         63%         1    ##.....
 Pain                     Necr           #...         63%         1    ##.....
 Shock                    Conj/Air       #...         63%         1    ##.....
 Sting                    Conj/Pois      #...         63%         1    ##.....
 Summon Small Mammal      Summ           #...         63%         1    ##.....
 Blink                    Tloc           N/A          77%         2    ###....
 Call Imp                 Summ           #.......     77%         2    ###....
 Ensorcelled Hibernation  Hex/Ice        #.....       77%         2    ###....
 Poisonous Vapours        Pois/Air       #.....       77%         2    ###....
 Searing Ray              Conj           #.....       77%         2    ###....
 Shroud of Golubria       Chrm/Tloc      #.....       77%         2    ###....
 Slow                     Hex            #.......     77%         2    ###....
 Song of Slaying          Chrm           #.......     77%         2    ###....
 Sticks to Snakes         Tmut           #.......     77%         2    ###....
 Sublimation of Blood     Necr           #.........   77%         2    ###....
 Swiftness                Chrm/Air       #.......     77%         2    ###....
 Call Canine Familiar     Summ           #.......     94%         3    ####...
 Confuse                  Hex            #.......     94%         3    ####...
 Conjure Flame            Conj/Fire      #.......     94%         3    ####...
 Dazzling Spray           Conj/Hex       #.....       94%         3    ####...
 Gell's Gravitas          Tloc           #.........   94%         3    ####...
 Ignite Poison            Fire/Tmut/Pois #.......     94%         3    ####...
 Inner Flame              Hex/Fire       #.......     94%         3    ####...
 Lesser Beckoning         Tloc           #.........   94%         3    ####...
 Mephitic Cloud           Conj/Pois/Air  #.......     94%         3    ####...
 Portal Projectile        Hex/Tloc       #.....       94%         3    ####...
 Recall                   Summ/Tloc      N/A          94%         3    ####...
 Regeneration             Chrm/Necr      #.........   94%         3    ####...
 Spectral Weapon          Hex/Chrm       #.......     94%         3    ####...
 Spider Form              Tmut/Pois      #.........   94%         3    ####...
 Static Discharge         Conj/Air       #.......     94%         3    ####...
 Summon Guardian Golem    Hex/Summ       #.......     94%         3    ####...
 Teleport Other           Tloc           #.......     94%         3    ####...
 Tukima's Dance           Hex            #.......     94%         3    ####...
 Vampiric Draining        Necr           #.........   94%         3    ####...
 Airstrike                Air            #.........   100%        4    #####..
 Animate Dead             Necr           N/A          100%        4    #####..
 Cause Fear               Hex            #.........   100%        4    #####..
 Force Lance              Conj/Tloc      #.......     100%        4    #####..
 Fulminant Prism          Conj/Hex       #.........   100%        4    #####..
 Ice Form                 Ice/Tmut       #.......     100%        4    #####..
 Iskenderun's Mystic Bla  Conj           #.......     100%        4    #####..
 Olgreb's Toxic Radiance  Pois           #.......     100%        4    #####..
 Passage of Golubria      Tloc           N/A          100%        4    #####..
 Petrify                  Tmut/Erth      #.......     100%        4    #####..
 Summon Ice Beast         Ice/Summ       #.......     100%        4    #####..
 Summon Lightning Spire   Summ/Air       #.......     100%        4    #####..
 Alistair's Intoxication  Tmut/Pois      #.......     100%        5    ######.
 Blade Hands              Tmut           #.........   100%        5    ######.
 Bolt of Magma            Conj/Fire/Erth #.........   100%        5    ######.
 Borgnjor's Vile Clutch   Necr/Erth      #.........   100%        5    ######.
 Irradiate                Conj/Tmut      #.........   100%        5    ######.
 Iskenderun's Battlesphe  Conj/Chrm      #.......     100%        5    ######.
 Lightning Bolt           Conj/Air       #.........   100%        5    ######.
 Metabolic Englaciation   Hex/Ice        #.........   100%        5    ######.
 Summon Mana Viper        Hex/Summ       #.......     100%        5    ######.
 Venom Bolt               Conj/Pois      #.........   100%        5    ######.
 Yara's Violent Unravell  Hex/Tmut       #.........   100%        5    ######.
 Bolt of Cold             Conj/Ice       #.........   100%        6    #######
 Death Channel            Necr           #.........   100%        6    #######
 Freezing Cloud           Conj/Ice/Air   #.........   100%        6    #######
 Hydra Form               Tmut           #.........   100%        6    #######
 Iron Shot                Conj/Erth      #.........   100%        6    #######
 Ozocubu's Refrigeration  Ice            #.........   100%        6    #######
 Simulacrum               Ice/Necr       #.........   100%        6    #######
 Statue Form              Tmut/Erth      #........    100%        6    #######
 Dragon Form              Tmut           #.........   100%        7    #######
 Orb of Destruction       Conj           #.........   100%        7    #######
 Ring of Flames           Chrm/Fire      #.........   100%        7    #######
 Spellforged Servitor     Conj/Summ      #.........   100%        7    #######
 Discord                  Hex            #.........   100%        8    #######


Dungeon Overview and Level Annotations

Branches:
Dungeon (15/15)            Temple (1/1) D:6            Lair (6/6) D:8
  Swamp (4/4) Lair:4       Spider (4/4) Lair:2        Slime (1/5) Lair:5
    Orc (2/2) D:12            Elf (3/3) Orc:2        Vaults (0/5) D:14
 Depths (1/5) D:15           Hell (1/1)              Bailey (visited)
  IceCv (visited)         Volcano (visited)         Gauntlet (visited)
    Dis: Hell:1         Geh: Hell:1         Coc: Hell:1         Tar: Hell:1

Altars:
Ashenzari
Cheibriados
Dithmenos
Elyvilon
Fedhas
Gozag
Hepliaklqana
Kikubaaqudgha
Makhleb
Nemelex Xobeh
Okawaru
Ru
Uskayaw
Vehumet
Wu Jian
Xom
Yredelemnul
Zin
The Shining One
Beogh

Shops:
D:4 =%   D:7 [   D:9 [   Orc:1 *   Orc:2 }%(   Elf:2 !:!

Portals:
Hell: Lair:6

Annotations:
Hell Geryon


Innate Abilities, Weirdness & Mutations

You are too large for most types of armour.
You have claws for hands.
Your metabolism is lightning-fast.
You like to eat raw meat.
Your natural rate of healing is unusually fast.
You are covered in fur. (AC +1)
You have extremely tough skin. (AC +3)
You are partially covered in icy blue scales. (AC +2)
You are clumsy. (Dex -2)
You are resistant to hostile enchantments. (MR+)
You passively map a small area around you.


Message History

The five-headed hydra zombie barely misses your angel. x2
The five-headed hydra zombie closely misses your angel.
You block the hell beast's attack. x2
Unknown command.
Your angel hits the curse skull but does no damage. x2
You block the hell beast's attack. The hell beast tramples you!
* * * LOW HITPOINT WARNING * * *
You stumble backwards!
As you read the scroll of teleportation, it crumbles to dust.
You feel strangely unstable.
The hell beast disappears in a puff of smoke!
The curse skull calls on the powers of darkness!
Your angel convulses!
The hell knight convulses! x2; Your body is wracked with pain!
* * * LOW HITPOINT WARNING * * *
Your angel hits the curse skull with a +3 sacred scourge of holy wrath!
The curse skull convulses!
Your angel hits the curse skull with a +3 sacred scourge of holy wrath!
The curse skull convulses!
The hell beast bites you!
You die...

* , * ,
#####.. ,8 *
8.....#* , +
,*.....# * ,
* * , ....# ,
, , , ...#
..### ,
##+#..#
#...8* ,
#8...#*
#...#####.2@#
*#..8...8Z2##
#.pp...2##
##...5.##
##..ยง##
##.z2## *
##EA3..## *
##.Z.#...## *
##...#2#...##
*


You could see 4 hell beasts, 2 hell knights, a sun demon, a curse skull, a water
elemental, an iron imp, a five-headed hydra zombie, a spriggan defender zombie
and a friendly angel.

Vanquished Creatures
  the Lernaean hydra (Swamp:4)
  Nikola (Swamp:1)
  The ghost of wjchen the Warrior, an adept MiFi of Okawaru (Elf:3)
  Arachne (Spider:3)
  An Ice Fiend (IceCv)
  A tentacled monstrosity (Swamp:3)
  3 deep elf blademasters
  A deep elf master archer (Elf:3)
  A storm dragon (D:13)
  Donald (Spider:4)
  Frances (D:14)
  5 deep elf sorcerers
  4 ghost moths (Spider:4)
  Louise (D:14)
  3 emperor scorpions (Spider:4)
  2 orc warlords
  A cacodemon (Lair:6)
  2 reapers
  2 very ugly things
  Azrael (D:12)
  5 deep elf demonologists
  An entropy weaver (Spider:4)
  A dire elephant (Lair:6)
  3 spark wasps
  7 deep elf annihilators
  A minotaur (Gauntlet)
  A green death (Lair:6)
  6 deep elf death magi
  Josephine (D:12)
  Fannar (D:10)
  2 vault guards (D:14)
  9 deep elf high priests
  An ogre mage (D:15)
  22 hydras
  A shambling mangrove (Swamp:1)
  4 death yaks (Lair:6)
  3 ghost crabs
  A queen ant (D:10)
  13 alligators
  13 two-headed ogres
  2 centaur warriors (D:14)
  4 orc high priests (Orc:2)
  2 soul eaters
  27 dancing weapons
  Sonja (Lair:4)
  18 deep elf knights
  2 sun demons
  6 skeletal warriors (D:15)
  A hell knight (Volcano)
  A salamander mystic (Volcano)
  2 sixfirhies (Lair:6)
  A small abomination (Elf:3)
  4 unseen horrors
  A deep troll (shapeshifter) (Elf:2)
  13 deep elf archers
  2 ironbrand convokers (Elf:1)
  A phantasmal warrior (D:15)
  17 orb spiders
  14 swamp dragons
  3 wizards
  6 orc knights
  2 necromancers
  14 ugly things
  55 deep elf magi
  5 salamanders (Volcano)
  A stone giant zombie (D:15)
  An iron dragon zombie (Hell)
  5 oklob plants
  28 wolf spiders
  6 cyclopes
  4 manticores
  9 orc sorcerers
  A moth of wrath (Spider:3)
  2 guardian serpents (shapeshifter)
  4 elephants (Lair:5)
  A rust devil (Lair:6)
  A molten gargoyle (Hell)
  A frost giant skeleton (D:15)
  8 gargoyles
  2 torpor snails
  An ice statue (IceCv)
  3 black mambas
  2 rime drakes (Lair:6)
  Psyche (D:11)
  A minotaur zombie (Gauntlet)
  27 spiny frogs
  A yaktaur zombie (D:15)
  4 orange demons
  10 demonic crawlers
  4 komodo dragons
  2 kobold demonologists
  2 freezing wraiths
  2 hellwings
  A golden dragon simulacrum (IceCv)
  A red devil (Hell)
  13 ice devils
  3 polar bears
  An anaconda simulacrum (IceCv)
  7 trolls
  3 meliai (Gauntlet)
  A wolf spider simulacrum (IceCv)
  9 hornets
  18 jumping spiders
  2 saltlings (Elf:1)
  15 slime creatures
  A raiju (shapeshifter) (D:12)
  5 blink frogs (Lair:3)
  16 hippogriffs
  12 tyrant leeches
  6 dream sheep (Lair:6)
  10 bog bodies
  A deep troll zombie (Hell)
  A spriggan (D:7)
  3 shadows
  A vampire (D:8)
  17 flying skulls (D:15)
  79 redbacks
  3 wyverns
  6 wraiths
  A spriggan (shapeshifter) (Elf:3)
  50 yaks
  5 air elementals
  29 tarantellas
  8 fire elementals
  6 water elementals
  A dire elephant simulacrum (IceCv)
  19 humans (D:14)
  6 fire bats (Volcano)
  7 basilisks
  2 hungry ghosts
  10 vampire mosquitoes
  4 harpy simulacra (IceCv)
  Grum (D:9)
  7 insubstantial wisps
  9 soldier ants
  15 swamp worms
  7 wargs
  4 iron troll simulacra (IceCv)
  14 water moccasins
  5 hydra simulacra (IceCv)
  11 hell hounds
  9 ice beasts
  A water moccasin (shapeshifter) (D:8)
  5 porcupines
  12 swamp drakes
  5 sky beasts
  3 ettin simulacra (IceCv)
  48 orc warriors
  11 ogres
  An eye of draining (D:9)
  10 centaurs
  4 boggarts
  15 wolves
  18 crocodiles
  23 bullfrogs
  3 earth elementals
  7 scorpions
  A swamp dragon simulacrum (IceCv)
  14 killer bees
  14 wights
  3 electric eels
  5 crimson imps
  A bullfrog zombie (D:11)
  A draconian simulacrum (IceCv)
  3 centaur zombies
  A quasit (D:14)
  A wyvern simulacrum (D:12)
  5 lava snakes (Volcano)
  35 orc priests
  4 hounds
  6 human zombies
  6 centaur skeletons
  5 jellies
  24 orc wizards
  A bullfrog skeleton (D:4)
  4 iguanas
  9 hell rats
  38 worker ants
  A polar bear simulacrum (IceCv)
  2 troll simulacra (IceCv)
  7 centaur simulacra
  A bullfrog simulacrum (D:12)
  An ogre zombie (D:8)
  2 hound zombies
  3 mummies (D:8)
  2 howler monkey zombies
  3 gnolls (D:6)
  10 adders
  3 naga simulacra (IceCv)
  3 ogre simulacra (IceCv)
  5 shadow imps
  11 white imps (IceCv)
  4 ufetubi
  An adder skeleton (D:7)
  An adder zombie (D:9)
  2 worms
  3 leopard geckos
  126 orcs
  3 ball pythons
  4 giant cockroaches
  8 goblins
  11 hobgoblins
  6 jackals
  10 kobolds
  2 quokkas
  4 bats
  5 frilled lizards
  6 rats
  A crawling corpse (Elf:3)
  A plant (Lair:5)
1532 creatures vanquished.

Vanquished Creatures (collateral kills)
  A fire giant zombie (Hell)
  A deep troll zombie (Hell)
2 creatures vanquished.

Vanquished Creatures (others)
  3 deep elf master archers (Elf:3)
  A deep elf knight (Elf:2)
  3 deep elf archers (Elf:1)
  A deep elf mage (Elf:1)
  A spiny frog (Swamp:1)
  A bog body (Swamp:4)
  4 centaurs
  4 orcs
  10 kobolds (Bailey)
  A bush (Swamp:4)
  10 fungi
  3 plants
  17 withered plants (D:15)
59 creatures vanquished.

Grand Total: 1593 creatures vanquished

Notes
Turn   | Place    | Note
-------+----------+-------------------------------------------
     0 | D:1      | Linguinho the Troll Fighter began the quest for the Orb.
     0 | D:1      | Reached XP level 1. HP: 22/22 MP: 0/0
   103 | D:1      | Reached XP level 2. HP: 24/29 MP: 1/1
   831 | D:2      | Reached XP level 3. HP: 36/36 MP: 2/2
  1001 | D:2      | Noticed a scorpion
  1007 | D:2      | Killed a scorpion
  1007 | D:2      | Reached skill level 3 in Unarmed Combat
  1007 | D:2      | Reached XP level 4. HP: 37/44 MP: 3/3
  1483 | D:3      | Found a hazy altar of Hepliaklqana.
  1487 | D:3      | Found an ornate altar of the Wu Jian Council.
  1493 | D:3      | Found a white marble altar of Elyvilon.
  1616 | D:3      | Reached XP level 5. HP: 38/53 MP: 4/4
  1819 | D:3      | Reached skill level 4 in Unarmed Combat
  2200 | D:4      | Reached XP level 6. HP: 61/61 MP: 5/5
  2372 | D:4      | Found Itotuock's Food Emporium.
  2623 | D:4      | Found a shattered altar of Ashenzari.
  2686 | D:4      | Found Eno Duwy's Jewellery Shop.
  2898 | D:5      | Entered Level 5 of the Dungeon
  2905 | D:5      | Found a glowing silver altar of Zin.
  3495 | D:5      | Reached skill level 5 in Unarmed Combat
  3495 | D:5      | Reached XP level 7. HP: 68/68 MP: 6/6
  3775 | D:6      | Found an ancient bone altar of Kikubaaqudgha.
  3914 | D:6      | Found a staircase to the Ecumenical Temple.
  3930 | Temple   | Entered the Ecumenical Temple
  3949 | Temple   | Became a worshipper of the Shining One
  4040 | D:6      | Noticed a hungry ghost
  4041 | D:6      | Reached skill level 5 in Shields
  4050 | D:6      | Killed a hungry ghost
  4136 | D:6      | Reached skill level 6 in Unarmed Combat
  4193 | D:6      | Found a sacrificial altar of Ru.
  4464 | D:7      | Reached XP level 8. HP: 74/78 MP: 7/7
  4596 | D:7      | Found Xuaxtere's Antique Armour Boutique.
  4852 | D:7      | Found a flagged portal.
  4858 | Bailey   | Entered a bailey
  5024 | Bailey   | Reached skill level 7 in Unarmed Combat
  5032 | Bailey   | Found a bloodstained altar of Trog.
  5228 | D:7      | Upgraded the game from 0.24.0-10-g970556be89 to
                  | 0.24.0-13-gcf9b3192b9
  5499 | D:7      | Noticed a gargoyle
  5505 | D:7      | Killed a gargoyle
  5510 | D:7      | Noticed a gargoyle
  5516 | D:7      | Killed a gargoyle
  5516 | D:7      | Reached skill level 5 in Fighting
  5516 | D:7      | Reached XP level 9. HP: 60/88 MP: 8/8
  5526 | D:7      | Noticed a gargoyle
  5526 | D:7      | Reached * piety under the Shining One
  5528 | D:7      | Killed a gargoyle
  5528 | D:7      | Reached skill level 8 in Unarmed Combat
  5602 | D:7      | Noticed a gargoyle
  5607 | D:7      | Killed a gargoyle
  5619 | D:7      | Noticed a gargoyle
  5622 | D:7      | Killed a gargoyle
  5629 | D:7      | Noticed a gargoyle
  5634 | D:7      | Killed a gargoyle
  5634 | D:7      | Reached skill level 9 in Unarmed Combat
  5690 | D:8      | Noticed a brown ugly thing
  5700 | D:8      | Killed a brown ugly thing
  5718 | D:8      | Noticed a rime drake
  5721 | D:8      | Reached XP level 10. HP: 71/98 MP: 9/9
  5748 | D:8      | Identified the ring "Keeb" {rC- MR+ Int+7 Slay+3}
  5856 | D:8      | Found a runed translucent door.
  5906 | D:8      | Noticed a gargoyle
  5913 | D:8      | Killed a gargoyle
  5913 | D:8      | Reached skill level 10 in Unarmed Combat
  6049 | D:8      | Paralysed by a hornet for 1 turns
  6065 | D:8      | Found a staircase to the Lair.
  6335 | D:8      | Reached ** piety under the Shining One
  6548 | D:8      | Found a basalt altar of Yredelemnul.
  7088 | D:9      | Reached *** piety under the Shining One
  7099 | D:9      | Noticed Grum
  7195 | D:9      | Reached XP level 11. HP: 107/107 MP: 10/10
  7199 | D:9      | Killed Grum
  7333 | D:9      | Reached skill level 11 in Unarmed Combat
  7353 | D:9      | Found an opulent altar of Gozag.
  7418 | D:9      | Identified a scroll of acquirement
  7450 | D:9      | Found Waetog's Armour Boutique.
  7845 | D:9      | Noticed a two-headed ogre
  7852 | D:9      | Killed a two-headed ogre
  8072 | D:10     | Entered Level 10 of the Dungeon
  8094 | D:10     | Reached skill level 10 in Shields
  8393 | D:10     | Noticed a queen ant
  8405 | D:10     | Killed a queen ant
  8409 | D:10     | Reached **** piety under the Shining One
  8463 | D:10     | Noticed Fannar
  8472 | D:10     | Reached skill level 12 in Unarmed Combat
  8482 | D:10     | Noticed a two-headed ogre
  8495 | D:10     | Killed Fannar
  8548 | D:10     | Killed a two-headed ogre
  8550 | D:10     | HP: 4/111 [sky beast (5)]
  8986 | D:11     | Noticed Psyche
  8991 | D:11     | Killed Psyche
  8991 | D:11     | Reached XP level 12. HP: 119/119 MP: 11/11
  9044 | D:11     | Found a gate leading to a gauntlet.
  9057 | Gauntlet | Entered a Gauntlet
  9057 | Gauntlet | Found a transporter.
  9059 | Gauntlet | Found a runed translucent door.
  9060 | Gauntlet | Found a transporter.
  9062 | Gauntlet | Identified the +0 morningstar of Emoseng {drain, rN+ MR+++
                  | Str-2 Dex+2}
  9075 | Gauntlet | Found a runed translucent door.
  9077 | Gauntlet | Found a transporter.
  9081 | Gauntlet | Found a transporter.
  9101 | Gauntlet | Found a transporter.
  9101 | Gauntlet | Noticed a reaper
  9114 | Gauntlet | Found a transporter.
  9127 | Gauntlet | Found a transporter.
  9147 | Gauntlet | Found a transporter.
  9151 | Gauntlet | Found a transporter.
  9154 | Gauntlet | Reached ***** piety under the Shining One
  9159 | Gauntlet | Found a transporter.
  9185 | Gauntlet | Found a transporter.
  9187 | Gauntlet | Found a transporter.
  9191 | Gauntlet | Noticed a dire elephant
  9355 | Gauntlet | Got a fine gossamer ring
  9357 | Gauntlet | Identified the ring of the Saviour {Fire MR+ Str+4} (You
                  | found it in a Gauntlet)
  9379 | Gauntlet | Gained mutation: You expend magic power (3 MP) to
                  | strengthen your wands. [potion of mutation]
  9379 | Gauntlet | Gained mutation: You heal very quickly. [potion of
                  | mutation]
  9379 | Gauntlet | Gained mutation: You have large cloven feet. [potion of
                  | mutation]
  9379 | Gauntlet | Gained mutation: You are resistant to electric shocks.
                  | (rElec) [potion of mutation]
  9405 | Gauntlet | Killed a reaper
  9497 | Gauntlet | Noticed a minotaur
  9500 | Gauntlet | Killed a minotaur
  9687 | D:11     | Noticed a two-headed ogre
  9696 | D:11     | Killed a two-headed ogre
 10331 | D:12     | Reached skill level 1 in Throwing
 10393 | D:12     | Noticed Azrael
 10578 | D:12     | Killed Azrael
 10679 | D:12     | Noticed Josephine
 10690 | D:12     | Killed Josephine
 10885 | D:12     | Reached XP level 13. HP: 131/131 MP: 12/12
 11104 | D:12     | Found a staircase to the Orcish Mines.
 11219 | D:13     | Reached ****** piety under the Shining One
 11401 | D:13     | Reached skill level 5 in Throwing
 11870 | D:13     | Noticed a storm dragon
 11877 | D:13     | Killed a storm dragon
 12171 | D:14     | Noticed Louise
 12179 | D:14     | Killed Louise
 12202 | D:14     | Reached skill level 10 in Fighting
 12248 | D:14     | Reached XP level 14. HP: 77/143 MP: 13/13
 12261 | D:14     | HP: 5/143 [cyclops (11)]
 12573 | D:14     | Noticed Frances
 12590 | D:14     | Killed Frances
 12848 | D:14     | Found a gate to the Vaults.
 13006 | D:15     | Entered Level 15 of the Dungeon
 13225 | D:15     | HP: 6/144 [flying skull (11)]
 13615 | D:15     | Reached skill level 10 in Throwing
 13659 | D:15     | Found a staircase to the Depths.
 13874 | D:15     | Got a wavering ivory ring
 14051 | D:15     | Found a sacrificial altar of Ru.
 14312 | D:15     | Found the +3 giant club "Skullcrusher" {speed, Str+7}
 14428 | Depths:1 | Entered Level 1 of the Depths
 14431 | Depths:1 | Noticed a white very ugly thing
 14437 | Depths:1 | Noticed a white very ugly thing
 14443 | Depths:1 | Noticed a white very ugly thing
 14443 | Depths:1 | Noticed a white very ugly thing
 14588 | D:14     | Killed a cyan very ugly thing
 14602 | D:15     | Identified the ring of Greed {Fire Str+3 Dex+3} (You found
                  | it on level 15 of the Dungeon)
 14609 | D:15     | Killed a white very ugly thing
 14805 | Orc:1    | Entered Level 1 of the Orcish Mines
 14813 | Orc:1    | Reached XP level 15. HP: 131/152 MP: 14/14
 14827 | Orc:1    | Noticed an orc warlord
 14839 | Orc:1    | Killed an orc warlord
 15017 | Orc:1    | Found a burning altar of Makhleb.
 15054 | Orc:1    | Got a pitted whip
 15060 | Orc:1    | Identified the cursed +0 whip of Ytriblent {flame, Str+2
                  | Int+3} (You found it on level 1 of the Orcish Mines)
 15107 | Orc:1    | Found Hyhikor's General Store.
 15124 | Orc:1    | Bought a +0 hat for 60 gold pieces
 15445 | Orc:2    | Entered Level 2 of the Orcish Mines
 16007 | Orc:2    | Found a roughly hewn altar of Beogh.
 16091 | Orc:2    | Found Lupo's Gadget Boutique.
 16104 | Orc:2    | Found Niasmit's General Store.
 16137 | Orc:2    | Reached skill level 15 in Shields
 16275 | Orc:2    | Noticed an orc warlord
 16295 | Orc:2    | Killed an orc warlord
 16333 | Orc:2    | Found a roughly hewn altar of Beogh.
 16466 | Orc:2    | Found Qumaudd's Weapon Emporium.
 16598 | Orc:2    | Found Bacvor's Food Shoppe.
 16768 | Orc:2    | Found a staircase to the Elven Halls.
 17069 | Elf:1    | Entered Level 1 of the Elven Halls
 17086 | Elf:1    | Found a radiant altar of Vehumet.
 17633 | Elf:1    | Noticed a deep elf sorcerer
 17635 | Elf:1    | Killed a deep elf sorcerer
 17684 | Elf:1    | Reached XP level 16. HP: 155/167 MP: 15/15
 18420 | Lair:1   | Entered Level 1 of the Lair of Beasts
 18435 | Lair:1   | Found a dark tunnel.
 18440 | Volcano  | Entered a volcano
 18625 | Volcano  | Found a radiant altar of Vehumet.
 18648 | Volcano  | Found a bloodstained altar of Trog.
 19123 | Lair:1   | Got a steaming whip
 19124 | Lair:1   | Identified the +1 whip of Dolooxua {venom, Int+5} (You
                  | found it on level 1 of the Lair of Beasts)
 19709 | Lair:2   | Reached skill level 13 in Unarmed Combat
 19810 | Lair:2   | Found a hole to the Spider Nest.
 21172 | Lair:4   | Noticed Sonja
 21189 | Lair:4   | Killed Sonja
 21341 | Lair:4   | Found a staircase to the Swamp.
 22265 | Lair:5   | Found a staircase to the Slime Pits.
 22797 | Slime:1  | Entered Level 1 of the Pits of Slime
 22797 | Slime:1  | Noticed an acid blob
 22810 | Lair:6   | Entered Level 6 of the Lair of Beasts
 22865 | Lair:6   | Reached skill level 14 in Unarmed Combat
 23979 | Lair:6   | Found a burning altar of Makhleb.
 24003 | Lair:6   | Reached XP level 17. HP: 162/179 MP: 16/16
 24012 | Lair:6   | Found a gateway to Hell.
 24120 | Hell     | Entered the Vestibule of Hell
 24120 | Hell     | Noticed Geryon
 24344 | Swamp:1  | Entered Level 1 of the Swamp
 24367 | Swamp:1  | Reached skill level 15 in Unarmed Combat
 24456 | Swamp:1  | Noticed Nikola
 24466 | Swamp:1  | Killed Nikola
 26028 | Swamp:2  | Reached skill level 16 in Unarmed Combat
 26670 | Swamp:4  | Entered Level 4 of the Swamp
 27114 | D:4      | Bought a +6 ring of slaying for 1581 gold pieces
 27116 | D:4      | Lost mutation: You expend magic power (3 MP) to strengthen
                  | your wands. [potion of mutation]
 27116 | D:4      | Lost mutation: You are resistant to electric shocks.
                  | (rElec) [potion of mutation]
 27116 | D:4      | Lost mutation: You have large cloven feet. [potion of
                  | mutation]
 27116 | D:4      | Lost mutation: You heal very quickly. [potion of mutation]
 27116 | D:4      | Gained mutation: You are agile. (Dex +2) [potion of
                  | mutation]
 27116 | D:4      | Gained mutation: You are dopey. (Int -2) [potion of
                  | mutation]
 27116 | D:4      | Gained mutation: You possess an exceptional clarity of
                  | mind. [potion of mutation]
 27117 | D:4      | Lost mutation: You are agile. (Dex +2) [potion of mutation]
 27117 | D:4      | Lost mutation: You are dopey. (Int -2) [potion of mutation]
 27117 | D:4      | Gained mutation: You are partially covered in iridescent
                  | scales. (AC +2) [potion of mutation]
 27117 | D:4      | Gained mutation: You are robust. (+10% HP) [potion of
                  | mutation]
 27118 | D:4      | Lost mutation: You possess an exceptional clarity of mind.
                  | [potion of mutation]
 27118 | D:4      | Lost mutation: You are robust. (+10% HP) [potion of
                  | mutation]
 27118 | D:4      | Lost mutation: You are partially covered in iridescent
                  | scales. (AC +2) [potion of mutation]
 27118 | D:4      | Gained mutation: You passively map a small area around you.
                  | [potion of mutation]
 27118 | D:4      | Gained mutation: You are clumsy. (Dex -2) [potion of
                  | mutation]
 27118 | D:4      | Gained mutation: You are partially covered in icy blue
                  | scales. (AC +2) [potion of mutation]
 27118 | D:4      | Gained mutation: You are resistant to hostile enchantments.
                  | (MR+) [potion of mutation]
 27664 | Swamp:4  | Noticed the 27-headed Lernaean hydra
 27677 | Swamp:4  | Killed the 27-headed Lernaean hydra
 27873 | Swamp:4  | Got a decaying rune of Zot
 27912 | Swamp:4  | Reached skill level 17 in Unarmed Combat
 28259 | Swamp:3  | Noticed a tentacled monstrosity
 28272 | Swamp:3  | Killed a tentacled monstrosity
 28811 | Elf:2    | Reached XP level 18. HP: 191/191 MP: 17/17
 28870 | Elf:2    | Found Fuaham's Distillery.
 29037 | Elf:2    | Bought a potion of heal wounds for 60 gold pieces
 29037 | Elf:2    | Bought a potion of heal wounds for 60 gold pieces
 29065 | Elf:2    | Found Qoibyfaf's Book Shop.
 29147 | Elf:2    | Noticed an Ice Fiend
 29386 | Elf:2    | Found Tennumep's Distillery.
 29406 | Elf:2    | Bought a potion of might for 84 gold pieces
 29406 | Elf:2    | Bought a potion of lignification for 63 gold pieces
 29652 | Elf:2    | Found a huge runed translucent gate.
 29652 | Elf:2    | Found a huge runed translucent gate.
 29654 | Elf:2    | Found a huge runed translucent gate.
 29655 | Elf:2    | Found a huge runed translucent gate.
 29656 | Elf:2    | Found a huge runed translucent gate.
 29700 | Elf:2    | Reached skill level 15 in Fighting
 29778 | Elf:2    | Reached skill level 18 in Unarmed Combat
 30271 | Elf:3    | Entered Level 3 of the Elven Halls
 30372 | Elf:3    | Found a runed translucent door.
 30658 | Elf:3    | Reached skill level 19 in Unarmed Combat
 31265 | Elf:3    | Reached XP level 19. HP: 90/201 MP: 18/18
 31358 | Elf:3    | Reached skill level 20 in Unarmed Combat
 32057 | Elf:3    | Identified the +9 morningstar of Ymmaij {flame, Str+3
                  | Dex+2}
 32078 | Elf:3    | Identified the Papyrus of Enchantment
 32100 | Elf:3    | Got a scorched hand axe
 32101 | Elf:3    | Identified the +10 hand axe of Spite {antimagic, rElec MR+
                  | Dex+8 Stlth+} (You found it on level 3 of the Elven Halls)
 32105 | Elf:3    | Got a heavily runed cloak
 32116 | Elf:3    | Identified the cursed +0 cloak "Zileinn" {rN+} (You found
                  | it on level 3 of the Elven Halls)
 32123 | Elf:3    | Identified the Collected Works on Good Luck and Calling
 32136 | Elf:3    | Identified the Incunabulum of the Known World
 32140 | Elf:3    | Identified the Compendium of the Glacial Oath
 32158 | Elf:3    | Got a warped long sword
 32159 | Elf:3    | Identified the +1 long sword of Ancient Evil {flame, Str+5
                  | Dex-3} (You found it on level 3 of the Elven Halls)
 32263 | Elf:3    | Found a shimmering altar of Xom.
 32263 | Elf:3    | Noticed wjchen's ghost (adept MiFi)
 32284 | Elf:3    | Killed wjchen's ghost
 32285 | Elf:3    | Reached skill level 1 in Invocations
 32664 | Spider:1 | Entered Level 1 of the Spider Nest
 32706 | Spider:1 | Reached skill level 1 in Evocations
 32726 | Spider:1 | Found a frozen archway.
 32736 | IceCv    | Entered an ice cave
 35178 | Spider:3 | Noticed Arachne
 35203 | Spider:3 | Killed Arachne
 35203 | Spider:3 | HP: 14/301 [redback (9)]
 35878 | Spider:4 | Entered Level 4 of the Spider Nest
 36128 | Spider:4 | Reached XP level 20. HP: 210/210 MP: 22/22
 36314 | Spider:4 | Noticed Donald
 36315 | Spider:4 | Reached skill level 5 in Invocations
 36326 | Spider:4 | Killed Donald
 36492 | Spider:4 | Got a gossamer rune of Zot
 37826 | Hell     | Reached skill level 15 in Throwing
 37947 | Hell     | HP: 7/210 [hell beast[Geryon] (7)]
 37961 | Hell     | Slain by a hell beast

Levels and vault maps discovered:
D:1:      psy_arrival_wood_between_worlds, layout_basic, due_unseen_surprise
D:2:      layout_rooms, lemuel_old_faithful
D:3:      layout_loops_corners, minitemple, first_ration
D:4:      layout_loops_ring, nicolae_overflow_hidden_temple, serial_shops,
          nicolae_shop_behind_doors, nicolae_shop_waterfront
D:5:      layout_basic, basic_altar
D:6:      layout_gridville, nicolae_ru_the_path_less_chosen,
          lemuel_doored_altar, minmay_temple_entry_statues_pillars
D:7:      cheibrodos_statue_roulette, layout_loops_corners, enter_bailey_3,
          serial_shops, shop_statue, the_bakery
D:8:      minmay_the_grid_four_pointed_star
          [minmay_the_grid_triangle_9x9_wacky_v,
          minmay_the_grid_triangle_9x9_stretched_checkered,
          minmay_the_grid_triangle_9x9_subtriangle,
          minmay_the_grid_triangle_9x9_zippers_vertical,
          minmay_the_grid_prize_four_corners_diamond_b], layout_loops_ring,
          lemuel_mausoleum_altar_yredelemnul, erik_lair_orcish_takeover,
          kennysheep_nondescript, minivault_25
D:9:      layout_gridville, grunt_gozag_statues, serial_shops, shop_fountains,
          uniq_grum
D:10:     layout_cave_pools, zaba_antful_of_joy, uniq_fannar
D:11:     layout_stronghold, gauntlet_entry_generic, uniq_psyche
D:12:     kennysheep_big_flooded_room, layout_cave_pools, orc_0_dummy,
          serial_ice, serial_ice_m, serial_ice_h, serial_ice_c, serial_ice_f,
          minmay_mirror_moons_of_madness, uniq_azrael, uniq_josephine
D:13:     kennysheep_scales, layout_long_grid
D:14:     layout_loops_ring, grunt_vaults_entry_tiered, nicolae_water_bricks,
          grunt_ministairs_15, uniq_louise, uniq_frances
D:15:     gammafunk_depths_entry_grave, layout_basic, glass_columns_a,
          basic_altar, minmay_guarded_unrand_skullcrusher
Temple:   eino_temple_lava
Lair:1:   layout_big_grid, enter_volcano_4, chequers_serial_rivers_room_b
Lair:2:   layout_gridlike, dummy_spider_entry
Lair:3:   layout_hall_layers, wad_woods_river_03, grunt_megastairs_2
Lair:4:   layout_regular_city, minmay_swamp_entry_reptiles, uniq_sonja
Lair:5:   layout_regular_city, slime_dummy, minmay_lair_oklob_chamber
Lair:6:   evil_forest, layout_layer_cave, infiniplex_staircase_pool_2
Swamp:1:  layout_falls_marsh, evilmike_swamp_ruin_house_1, uniq_nikola
Swamp:2:  layout_basic_swamp, serial_swamp_ruin, hangedman_swamp_ruin_wall,
          evilmike_swamp_ruin_house_3
Swamp:3:  layout_basic_swamp, evilmike_swamp_ruin_rubble_1
Swamp:4:  grunt_swamp_rune_castle, layout_basic_swamp, infiniplex_staircase_pool
Spider:1: layout_spider_delve, portal_ice_cave_entry_pillars_1
Spider:2: layout_spider_delve
Spider:3: layout_spider_delve, uniq_arachne
Spider:4: spider_rune_water, uniq_donald
Slime:1:  layout_caves
Orc:1:    layout_caves, serial_shops, shop, bloody_makhleb
Orc:2:    pubby_orc_utopia
Elf:1:    eino_elf_arrival_altar, layout_loops_cross,
          portal_desolation_entry_salt, hangedman_elf_represent
Elf:2:    layout_rooms, serial_shops, shop, shop, shop_coins
Elf:3:    minmay_elf_hall_circle, layout_onion_city, ebering_ghost_xom,
          corexii_hall_statues_s
Depths:1: layout_cave_pools, serial_shops, shop, grunt_hell_entry_dis_old,
          abyss_entry, rand_demon_pan_entry_9, serial_bayou_pond_b,
          onia_ninara_cookie
Hell

Skill      XL: |  1  2  3  4  5  6  7  8  9 10 11 12 13 14 15 16 17 18 19 20 |
---------------+-------------------------------------------------------------+-----
Shields        | 3 4 5 6 8 9 11 12 13 14 15 | 15.0
Unarmed Combat | 3 4 5 6 7 9 10 12 14 17 19 20 | 20.0
Fighting       | 3 4 5 6 8 9 10 12 13 14 15 | 15.0
Throwing       | 4 7 10 12 14 15 | 15.1
Invocations    | 4 6 |  6.0
Evocations     | 3 4 |  4.9
Dodging        | |  2.6

Action                   |  1- 3 |  4- 6 |  7- 9 | 10-12 | 13-15 | 16-18 | 19-21 || total
-------------------------+-------+-------+-------+-------+-------+-------+-------++-------
Melee: Unarmed           |    51 |   191 |   155 |   596 |   961 |   937 |   497 ||  3388
       Kick              |       |       |       |    65 |   375 |   247 |       ||   687
Throw: Boomerang         |       |       |       |       |   107 |   405 |   327 ||   839
       Javelin           |       |       |       |       |    21 |    36 |     4 ||    61
       Large rock        |       |       |       |       |       |    13 |    26 ||    39
Invok: Divine Shield     |       |       |       |     4 |     1 |       |     4 ||     9
       Cleansing Flame   |       |       |       |       |       |       |     2 ||     2
       Summon Divine War |       |       |       |       |       |       |     1 ||     1
  Use: Scroll            |       |       |     5 |    12 |    10 |    17 |    11 ||    55
       Potion            |       |       |       |     5 |     5 |     7 |    16 ||    33
 Stab: Sleeping          |       |     1 |       |       |       |       |       ||     1
  Eat: Chunk             |    14 |    18 |    26 |    48 |    63 |   120 |    42 ||   331
       Ration            |       |       |     1 |       |       |     1 |     3 ||     5
Armor: Robe              |    12 |    21 |    21 |    41 |    70 |    98 |    20 ||   283
       Troll leather arm |       |       |       |    31 |       |       |       ||    31
       Skin              |       |       |       |       |       |    97 |   106 ||   203
       Swamp dragon scal |       |       |       |       |       |    38 |   170 ||   208
Dodge: Dodged            |     9 |    28 |    30 |   105 |   108 |   187 |   159 ||   626
Block: Shield            |     8 |       |       |       |       |       |       ||     8
       Large shield      |     1 |   141 |   184 |   673 |   931 |  1232 |   787 ||  3949
       Reflection        |       |       |    60 |    16 |    71 |    66 |    11 ||   224
